Map: Frostline LE

Players

VITmaru (Maru) - Winner!

  • Race: Terran Terran
  • Spawn Location: 7:00

VITRyung (Ryung)

  • Race: Terran Terran
  • Spawn Location: 1:00

Event: HomeStory Cup XXVI

VOD

Have the link to the VOD?

Description

Maru vs Ryung

Time

  • Played on: Dec. 1, 2024, 7:22 a.m.
  • Length: 14:14

All games in this series

Show
View Real Time Build Order
Export as new Build Order

VITmaru Terran - Winner!

Build Orders:  

Get SALT Encoding   

  12  0:00  SCV  
  13  0:12  SCV  
  14  0:17  Supply Depot  
  14  0:24  SCV  
  15  0:38  SCV  
  15  0:39  Barracks  
  16  0:43  Refinery  
  16  0:50  SCV  
  16  0:52  Refinery  
  17  1:02  SCV  
  18  1:15  SCV  
  19  1:27  Orbital Command, Reaper  
  20  1:34  Supply Depot  
  20  1:40  Factory  
  20  1:53  SCV  
  21  1:59  Reaper  
  22  2:05  SCV  
  23  2:17  Command Center  
  23  2:18  SCV  
  24  2:24  Hellion  
  26  2:30  SCV  
  26  2:35  Starport  
  27  2:39  Barracks Reactor  
  27  2:42  Supply Depot  
  27  2:45  SCV  
  27  2:48  Factory Tech Lab  
  28  2:57  SCV  
  29  3:09  SCV  
  29  3:12  Siege Tank  
  32  3:17  Marine x2  
  33  3:21  SCV  
  34  3:29  Orbital Command  
  34  3:33  SCV  
  34  3:34  Medivac  
  37  3:35  Marine  
  37  3:38  Marine  
  39  3:45  Refinery, SCV  
  40  3:53  Cyclone  
  40  3:54  SCV  
  44  3:57  SCV  
  44  4:01  Supply Depot  
  45  4:05  Marine x2, Starport Tech Lab  
  45  4:06  SCV  
  48  4:14  SCV  
  49  4:18  SCV  
  49  4:24  Raven  
  52  4:26  SCV  
  52  4:30  SCV  
  54  4:33  Cyclone  
  53  4:38  SCV  
  53  4:43  SCV  
  54  4:48  Command Center  
  54  4:51  SCV  
  55  4:55  SCV  
  55  4:59  Raven  
  58  5:02  Supply Depot  
  58  5:03  SCV  
  59  5:08  SCV  
  60  5:15  Supply Depot, SCV  
  61  5:24  Siege Tank, SCV  
  61  5:26  Interference Matrix  
  65  5:30  Barracks  
  65  5:31  Barracks  
  65  5:32  SCV  
  55  5:36  SCV  
  54  5:44  SCV  
  54  5:45  Refinery  
  54  5:47  Raven  
  54  5:49  SCV  
  58  5:56  Marine x2, Siege Tank, SCV  
  64  6:01  SCV  
  64  6:02  Engineering Bay  
  64  6:03  Orbital Command  
  65  6:04  Engineering Bay  
  65  6:08  SCV  
  66  6:13  SCV  
  67  6:19  Barracks Reactor  
  67  6:21  SCV  
  68  6:27  SCV  
  68  6:29  Terran Infantry Weapons Level 1  
  68  6:30  Stimpack, Terran Infantry Armor Level 1  
  68  6:31  Marine x2  
  71  6:32  Starport Reactor  
  71  6:33  SCV  
  71  6:34  Orbital Command  
  71  6:35  Barracks x2  
  71  6:39  SCV  
  73  6:41  Supply Depot  
  73  6:42  Supply Depot  
  73  6:46  Marine, Siege Tank  
  77  6:48  Marine  
  78  6:56  Marine x3  
  78  6:57  SCV x2  
  83  7:02  SCV  
  83  7:04  Marine  
  83  7:06  Marine  
  86  7:09  SCV x2, Medivac x2  
  86  7:13  Marine x2  
  86  7:14  SCV  
  86  7:15  Armory  
  95  7:18  Supply Depot  
  95  7:21  SCV x2  
  97  7:25  Siege Tank  
  97  7:26  Marine x2  
  97  7:28  Barracks Reactor x2  
  97  7:29  SCV  
  103  7:33  SCV  
  103  7:34  SCV  
  103  7:35  Marine x3  
  108  7:39  Supply Depot x3  
  108  7:44  Marine x2, Medivac  
  108  7:45  Medivac  
  108  7:47  SCV  
  108  7:49  SCV  
  116  7:53  Marine  
  117  8:00  Marine x2  
  117  8:02  Marine  
  117  8:03  Marine  
  117  8:04  Supply Depot, Siege Tank  
  124  8:09  SCV  
  124  8:10  Marine  
  124  8:11  Marine  
  124  8:12  Marine x3, Combat Shield  
  130  8:15  SCV x2  
  130  8:16  Refinery  
  130  8:17  Supply Depot, Refinery  
  130  8:18  Marine x2, Supply Depot  
  134  8:27  Marine x2  
  134  8:28  Medivac x2  
  134  8:29  Marine  
  134  8:30  Marine  
  142  8:36  Command Center  
  139  8:43  Marine  
  139  8:44  Marine x4  
  139  8:45  Marine, Siege Tank  
  139  8:46  Marine  
  139  8:47  Marine  
  139  8:48  Marine  
  136  8:57  Sensor Tower  
  136  9:01  Marine  
  136  9:02  Marine x4, Marauder  
  139  9:03  SCV x2  
  139  9:04  Terran Infantry Weapons Level 2, Marine x2, Terran Infantry Armor Level 2  
  139  9:06  Marine  
  145  9:12  Medivac  
  147  9:19  Marine x4  
  147  9:20  Marine, SCV  
  147  9:21  SCV  
  147  9:22  Marine  
  147  9:23  Supply Depot  
  154  9:24  Marine x2  
  154  9:25  Siege Tank  
  158  9:35  SCV x3  
  148  9:39  Marine x2  
  148  9:40  Marauder  
  148  9:43  Marine x3  
  155  9:47  SCV x2  
  155  9:49  Marine x2  
  159  9:53  Planetary Fortress  
  159  10:03  Marine x6  
  159  10:05  SCV  
  159  10:06  SCV  
  127  10:10  Liberator x2  
  127  10:12  Marine x2  
  127  10:13  Marine  
  136  10:21  Marine x6  
  127  10:25  Siege Tank  
  128  10:30  Marine x3  
  128  10:33  SCV x2  
  128  10:35  SCV  
  124  10:38  Marine  
  124  10:39  Marine  
  125  10:45  SCV x2  
  125  10:47  SCV  
  125  10:49  Terran Vehicle Weapons Level 1, Marine  
  126  10:52  SCV  
  126  10:54  Marine x3  
  131  10:57  SCV  
  131  10:58  SCV  
  131  11:00  Siege Tank, Missile Turret  
  131  11:01  Marine  
  137  11:04  SCV  
  137  11:07  Marine  
  139  11:11  Marine x3  
  139  11:12  Marine  
  139  11:13  Marine  
  139  11:14  Marine  
  139  11:17  Marine  
  146  11:19  Marine, SCV x2  
  146  11:24  Marine  
  130  11:29  Marine x3  
  130  11:31  Terran Infantry Weapons Level 3, Terran Infantry Armor Level 3  
  130  11:32  Siege Tank  
  127  11:38  Barracks  
  127  11:39  Barracks  
  127  11:41  SCV x2  
  127  11:43  SCV x2  
  131  11:49  Marine x5, Viking x2  
  131  11:53  SCV x2  
  142  11:55  SCV  
  142  11:56  SCV  
  142  12:00  Marine x3  
  147  12:04  Siege Tank  
  147  12:05  SCV  
  147  12:06  Factory  
  147  12:07  Marine  
  147  12:08  Marine x3  
  155  12:10  Marine x2  
  155  12:12  Supply Depot  
  155  12:13  SCV  
  155  12:14  SCV x2  
  160  12:17  SCV  
  161  12:23  Marine  
  161  12:24  Marine x2  
  161  12:25  Marine  
  161  12:26  Marine x2  
  167  12:30  Marine  
  167  12:31  Marine x2  
  167  12:34  Marine  
  167  12:35  Marine  
  167  12:36  Siege Tank  
  175  12:41  Marine  
  175  12:42  Command Center  
  176  12:44  Marine  
  176  12:45  Marine x4  
  176  12:47  Marine  
  176  12:49  Marine x2  
  179  12:52  Marine x2  
  179  12:58  Medivac x2  
  180  12:59  Marine  
  180  13:02  Marine x5  
  174  13:05  Marine  
  174  13:07  Marine x2  
  174  13:08  Siege Tank  
  174  13:10  Marine x2  
  167  13:17  Marine  
  167  13:18  SCV x3  
  167  13:19  SCV  
  167  13:20  Marine x4  
  167  13:23  Marine x2  
  167  13:25  Marine x2  
  167  13:28  Medivac x2  
  167  13:32  Marine  
  167  13:33  Marine  
  168  13:35  Marine  
  168  13:38  Marine x4  
  168  13:41  Marine x2  
  174  13:43  Marine x2  
  176  13:50  Marine x2  
  176  13:53  Marine  
  176  13:55  Sensor Tower  
  172  13:56  Marine  
Show
View Real Time Build Order
Export as new Build Order

VITRyung Terran 

Build Orders: Cyclone Opening 

Get SALT Encoding   

  12  0:00  SCV  
  13  0:12  SCV  
  14  0:17  Supply Depot  
  14  0:24  SCV  
  15  0:38  SCV  
  15  0:40  Barracks  
  16  0:44  Refinery  
  16  0:50  SCV  
  16  0:54  Refinery  
  17  1:03  SCV  
  18  1:15  SCV  
  19  1:27  Reaper  
  19  1:28  Orbital Command  
  19  1:29  Supply Depot  
  20  1:43  Factory  
  20  1:53  SCV  
  21  1:59  Reaper  
  22  2:05  SCV  
  23  2:17  SCV  
  23  2:21  Command Center  
  24  2:26  Factory Tech Lab  
  24  2:29  SCV  
  25  2:37  Starport  
  25  2:42  SCV  
  26  2:45  Cyclone  
  29  2:54  Supply Depot  
  29  2:55  SCV  
  29  2:57  Barracks Tech Lab  
  30  3:08  SCV  
  31  3:18  Cyclone  
  32  3:20  SCV  
  32  3:25  Banshee  
  36  3:32  Refinery, SCV  
  37  3:36  Orbital Command  
  37  3:44  SCV  
  38  3:50  Cyclone  
  41  3:56  SCV  
  41  4:02  SCV  
  43  4:07  Supply Depot  
  43  4:08  Raven, SCV  
  46  4:14  SCV  
  47  4:19  Interference Matrix  
  47  4:20  SCV  
  48  4:25  Barracks Reactor  
  48  4:26  SCV  
  48  4:29  Command Center  
  49  4:32  SCV  
  49  4:38  SCV  
  48  4:39  Siege Tank  
  48  4:44  SCV  
  52  4:50  SCV  
  50  4:58  Raven  
  50  4:59  SCV  
  53  5:02  Refinery, SCV  
  51  5:11  SCV  
  52  5:14  SCV  
  52  5:18  Marine x2  
  54  5:23  SCV  
  54  5:26  SCV  
  56  5:35  SCV  
  49  5:36  Siege Tank  
  49  5:38  SCV  
  49  5:40  Marine x2  
  54  5:46  Orbital Command  
  54  5:47  SCV  
  54  5:50  SCV  
  53  5:59  SCV  
  53  6:03  SCV  
  56  6:06  Barracks x2  
  56  6:09  Siege Tank  
  59  6:11  SCV  
  59  6:15  SCV  
  59  6:17  Stimpack  
  59  6:21  Engineering Bay  
  59  6:22  Engineering Bay  
  59  6:23  SCV  
  60  6:25  Marine, Starport Reactor  
  60  6:27  SCV  
  62  6:33  Orbital Command  
  62  6:35  SCV  
  62  6:39  Barracks, SCV  
  64  6:40  Barracks  
  64  6:41  Siege Tank  
  64  6:43  Supply Depot  
  64  6:46  Supply Depot  
  67  6:48  SCV  
  67  6:50  Terran Infantry Weapons Level 1, Terran Infantry Armor Level 1  
  67  6:51  SCV  
  69  7:00  SCV  
  70  7:03  SCV  
  70  7:04  SCV  
  70  7:06  Marine  
  73  7:09  Marine, Barracks Tech Lab  
  73  7:10  Marine  
  73  7:12  SCV  
  73  7:13  Supply Depot x2, Siege Tank  
  73  7:15  SCV  
  80  7:16  SCV  
  80  7:17  Starport Reactor  
  81  7:23  Marine  
  81  7:24  SCV  
  81  7:27  Marine x2, Sensor Tower, SCV  
  81  7:28  SCV  
  81  7:29  Combat Shield  
  88  7:32  Barracks Reactor  
  88  7:36  SCV  
  86  7:39  SCV  
  86  7:40  SCV  
  86  7:41  Marine x4  
  92  7:45  Marine x2, Siege Tank  
  92  7:48  SCV  
  97  7:51  SCV  
  97  7:52  SCV  
  97  7:54  Sensor Tower, Medivac x2  
  103  7:59  Marine x4, Supply Depot  
  103  8:00  SCV  
  103  8:01  Supply Depot x2  
  103  8:03  Marine  
  103  8:04  Marine  
  109  8:14  Armory  
  109  8:21  Marine x7, Siege Tank, SCV x3  
  109  8:22  Marine  
  123  8:28  Medivac x2  
  123  8:30  Command Center  
  123  8:33  SCV  
  128  8:39  Marine x7  
  128  8:40  Marine  
  110  8:53  Siege Tank, SCV x3  
  109  8:56  Marine x5  
  109  8:57  Marine  
  109  8:59  Marine x2  
  117  9:14  Marine x5  
  117  9:15  Marine  
  123  9:17  Marine x2  
  125  9:34  Marine x2  
  125  9:41  Marine x6, Siege Tank  
  125  9:42  Supply Depot  
  125  9:43  Supply Depot  
  125  9:45  Supply Depot, Engineering Bay  
  131  9:47  Medivac x2  
  131  9:48  SCV x3  
  131  9:52  Marine x2  
  140  9:59  Marine x6  
  127  10:09  Marine x2  
  127  10:10  Terran Infantry Weapons Level 2  
  129  10:16  Marine x5  
  129  10:18  Marine  
  124  10:27  Marine x2, SCV x2  
  128  10:31  Engineering Bay  
  128  10:34  Marine x5  
  127  10:36  Marine  
  117  10:45  Marine x2  
  117  10:49  Terran Vehicle Weapons Level 1  
  112  10:50  SCV x2  
  112  10:52  Marine x5  
  112  10:54  Marine  
  120  10:58  Siege Tank  
  120  11:00  SCV  
  120  11:02  SCV x2  
  120  11:03  Marine x2  
  128  11:10  Marine x5  
  133  11:12  Marine  
  133  11:14  Factory  
  133  11:15  Terran Infantry Armor Level 2, SCV x2  
  136  11:21  Marine x2  
  114  11:28  Marine x5  
  114  11:29  Marine  
  114  11:31  Siege Tank  
  117  11:37  SCV x2  
  117  11:38  SCV  
  117  11:39  Marine x2  
  120  11:42  Refinery x2  
  120  11:45  Marine x3  
  120  11:46  Marine  
  120  11:47  Marine  
  120  11:50  SCV x2  
  120  11:51  SCV  
  124  11:56  Marine x2  
  126  12:02  SCV  
  126  12:03  Marine x4  
  126  12:06  Medivac x2  
  134  12:11  Marine  
  134  12:14  Marine x2  
  134  12:15  Barracks Reactor, Siege Tank  
  140  12:23  Marine x2  
  142  12:31  Marine x3  
  142  12:32  Marine x2, Siege Tank  
  142  12:41  Marine x2  
  144  12:48  Marine, Barracks  
  144  12:49  Marine x2  
  144  12:50  Marine x2  
  144  12:51  Barracks x2  
  145  12:57  Marine  
  145  12:58  Marine  
  140  12:59  Marine x2  
  130  13:06  Marine x2  
  130  13:07  Marine  
  130  13:08  Marine x2  
  130  13:11  Siege Tank x2  
  132  13:15  Marine x2  
  132  13:16  Marine x2  
  135  13:24  Marine x3  
  138  13:28  Marine x2  
  138  13:33  Marine x2  
  128  13:34  Marine x2  
  124  13:42  Marine x3  
  124  13:45  Marine  
  124  13:46  Marine  
  117  13:52  Marine x2  
Tags
 
Add a new tag
Caveats
  • Supply blocks, unpowered buildings, or Contaminate may cause inaccurate times.
  • Supply counts are checked every 10 seconds.